 Dungeon Crawl Stone Soup version 0.26-a0-652-gafc20e3620 (webtiles) character file.

Game seed: 13688734947734552466

13018 Grim the Protected (level 11, 0/107 HPs)
             Began as a Minotaur Berserker on Oct 3, 2020.
             Was a High Priest of Trog.
             Slain by a freezing wraith (8 damage)
             ... led by a death knight
             ... on level 11 of the Dungeon.
             The game lasted 00:25:35 (13908 turns).

Grim the Protected (Minotaur Berserker)            Turns: 13908, Time: 00:25:35

Health: 0/107      AC: 10    Str: 22    XL:     11   Next: 70%
Magic:  10/10      EV: 15    Int:  4    God:    Trog [*****.]
Gold:   957        SH:  0    Dex: 13    Spells: 10/10 levels left

rFire    . . .     SeeInvis .   G - +0 broad axe
rCold    + . .     Faith    .   (no shield)
rNeg     + . .     Spirit   .   P - +0 troll leather armour
rPois    .         Reflect  .   (helmet restricted)
rElec    +         Harm     .   N - +1 cloak
rCorr    .         Rampage  .   H - +0 pair of gloves
MR       .....                  (no boots)
Stlth    +.........             (no amulet)
HPRegen  0.67/turn              l - ring of positive energy
MPRegen  0.12/turn              K - ring of protection from cold

@: berserk cooldown, slowed, very slow
A: retaliatory headbutt, horns 2, agile 1, dopey 1, electricity resistance
a: Berserk, Trog's Hand, Brothers in Arms, Renounce Religion


You were on level 11 of the Dungeon.
You worshipped Trog.
Trog was extremely pleased with you.
You visited 1 branch of the dungeon, and saw 11 of its levels.

You collected 957 gold pieces.

Inventory:

Hand Weapons
 a - a +0 hand axe
 n - a +4 quarterstaff of chaos
 G - a +0 broad axe (weapon)
 M - a +0 whip
 Q - a +0 battleaxe
Missiles
 s - 9 boomerangs (quivered)
 z - a boomerang of dispersal
 L - 10 poisoned darts
 U - 2 throwing nets
 V - 7 javelins
Armour
 b - a +0 animal skin
 c - a +0 ring mail
 m - a +0 cloak
 t - the +2 robe of Bitterness {rPois}
   (You found it on level 4 of the Dungeon)

   It protects you from poison.
 H - a +0 pair of gloves (worn)
 N - a +1 cloak (worn)
 O - a +0 plate armour
 P - a +0 troll leather armour (worn)
 R - +0 acid dragon scales
Jewellery
 d - an uncursed ring of flight
 f - an uncursed ring of positive energy
 h - an uncursed ring of protection from fire
 l - a ring of positive energy (left hand)
 u - an uncursed ring of teleportation
 K - a ring of protection from cold (right hand)
 T - a +4 ring of protection {unknown}
Wands
 q - a wand of random effects (12)
 r - a wand of iceblast (27)
 D - a wand of polymorph (13)
 F - a wand of disintegration (18)
 X - a wand of paralysis (6)
Scrolls
 e - a scroll of teleportation
 i - 4 scrolls of magic mapping
 k - 5 scrolls of remove curse
 w - a scroll of enchant armour {unknown}
 x - 2 scrolls of enchant weapon {unknown}
 y - a scroll of fear {unknown}
 A - 9 scrolls of identify
 B - a scroll of acquirement {unknown}
 E - a scroll of blinking {unknown}
 I - a scroll of noise {unknown}
 J - 2 scrolls of random uselessness {unknown}
Potions
 j - 6 potions of flight
 o - 2 potions of curing
 p - 2 potions of magic
 v - 2 potions of ambrosia
 C - a potion of haste {unknown}
 S - a potion of stabbing {unknown}
 W - 2 potions of brilliance {unknown}


   Skills:
 - Level 13.1 Fighting
 * Level 11.1 Axes
 - Level 13.2 Armour
 + Level 6.7 Dodging


You had 10 spell levels left.
You didn't know any spells.
Your spell library was empty.

Dungeon Overview and Level Annotations

Branches:
Dungeon (11/15)            Temple (0/1) D:6             Orc (0/2) D:9
   Lair: D:8-11

Altars:
Elyvilon
Kikubaaqudgha
Okawaru
Xom
Yredelemnul

Shops:
D:4 (


Innate Abilities, Weirdness & Mutations

You reflexively headbutt those who attack you in melee.
You have a pair of horns on your head.
You are agile. (Dex +2)
You are dopey. (Int -2)
You are resistant to electric shocks. (rElec)


Message History

The freezing wraith is severely damaged.
Your skin stops crawling.
You feel less resistant to hostile enchantments.
The freezing wraith misses you. You furiously retaliate!
You headbutt the freezing wraith, but do no damage.
The freezing wraith hits you!
* * * LOW HITPOINT WARNING * * *
The freezing wraith drains your vigour!
You feel as though you will be slow longer.
The freezing wraith hits you but does no damage.
The freezing wraith misses you.
You feel better. The freezing wraith misses you. You furiously retaliate!
You headbutt the freezing wraith. The freezing wraith hits you!
* * * LOW HITPOINT WARNING * * *
You feel better. The freezing wraith hits you!
* * * LOW HITPOINT WARNING * * *
The freezing wraith freezes you. You resist.
* * * LOW HITPOINT WARNING * * *
The freezing wraith hits you!
You die...

##........###.....# ##
#.................####.....
#..........................
#..............!...........
#..........................
#.[.......................[ ..
##........<...................
##..........)W...............
##........<@)........# #...
##############......# #..
###....## #. ##....## #
##....# ##W..### # ##(...###
#.p..... ##......


You could see a freezing wraith.

Vanquished Creatures
  A death knight (D:11)
  A two-headed ogre (D:9)
  Nergalle (D:10)
  A phantasmal warrior (D:11)
  An ugly thing (D:10)
  Joseph (D:7)
  Maggie (D:10)
  4 trolls
  A hippogriff (D:8)
  A vampire (D:9)
  2 wyverns
  A wraith (D:9)
  10 yaks
  A human (D:9)
  A warg (D:8)
  Duvessa (D:5)
  A black bear (D:7)
  4 ice beasts
  2 sky beasts
  7 orc warriors
  A phantom (D:6)
  A necrophage (D:9)
  4 ogres
  4 centaurs
  3 big kobolds
  6 bullfrogs
  Blork the orc (D:5)
  Dowan (D:5)
  3 scorpions
  17 killer bees
  2 troll zombies (D:9)
  7 wights
  A howler monkey (D:5)
  A centaur zombie (D:9)
  A crimson imp (D:6)
  3 human zombies (D:9)
  A jelly (D:8)
  A quasit (D:10)
  3 hounds
  Crazy Yiuf (D:2)
  12 orc priests
  11 orc wizards
  2 centaur skeletons
  Ijyb (D:3)
  Jessica (D:3)
  Terence (D:2)
  3 iguanas
  6 worker ants
  2 hound zombies
  A mummy (D:9)
  A howler monkey skeleton (D:9)
  12 adders
  3 shadow imps
  3 white imps
  3 ufetubi
  3 oozes
  2 adder skeletons
  2 worms
  3 leopard geckos
  48 orcs
  4 giant cockroaches
  10 goblins
  7 hobgoblins
  4 jackals (D:4)
  22 kobolds
  5 quokkas
  A ball python zombie (D:5)
  4 bats
  6 frilled lizards
  A jackal skeleton (D:7)
  A leopard gecko skeleton (D:4)
  A leopard gecko zombie (D:8)
  An orc zombie (D:9)
  A quokka zombie (D:5)
  7 rats
300 creatures vanquished.

Vanquished Creatures (collateral kills)
  A troll (D:10)
  A hippogriff (D:9)
  A wraith (D:11)
  4 yaks (D:9)
  A hound (D:10)
8 creatures vanquished.

Vanquished Creatures (others)
  An orc wizard (D:7)
  2 fungi (D:6)
  5 toadstools (D:6)
8 creatures vanquished.

Grand Total: 316 creatures vanquished

Notes
Turn   | Place    | Note
-------+----------+-------------------------------------------
     0 | D:1      | Grim the Minotaur Berserker began the quest for the Orb.
     0 | D:1      | Reached XP level 1. HP: 19/19 MP: 0/0
   243 | D:1      | Found an iron altar of Okawaru.
   248 | D:1      | Reached XP level 2. HP: 25/26 MP: 1/1
   715 | D:2      | Found a runed translucent door.
   716 | D:2      | Noticed Crazy Yiuf
   768 | D:2      | Reached skill level 5 in Axes
   771 | D:2      | Reached XP level 3. HP: 31/31 MP: 2/2
   778 | D:2      | Reached ** piety under Trog
   986 | D:2      | Noticed Terence
   991 | D:2      | Killed Terence
   996 | D:2      | Reached XP level 4. HP: 27/39 MP: 3/3
  1241 | D:2      | Found a white marble altar of Elyvilon.
  1665 | D:2      | Killed Crazy Yiuf
  1716 | D:2      | Gained mutation: You are dopey. (Int -2) [potion of
                  | mutation]
  1716 | D:2      | Gained mutation: You are agile. (Dex +2) [potion of
                  | mutation]
  1716 | D:2      | Gained mutation: You are resistant to electric shocks.
                  | (rElec) [potion of mutation]
  1795 | D:3      | Reached XP level 5. HP: 45/45 MP: 4/4
  2037 | D:3      | Noticed Jessica
  2044 | D:3      | Killed Jessica
  2343 | D:3      | Found a shimmering altar of Xom.
  2834 | D:3      | Noticed Ijyb
  2843 | D:3      | Killed Ijyb
  2843 | D:3      | Reached XP level 6. HP: 48/51 MP: 5/5
  2919 | D:4      | Found Paesin's Antique Weapon Shop.
  3133 | D:4      | Got a steaming robe
  3144 | D:4      | Identified the +2 robe of Bitterness {rPois} (You found it
                  | on level 4 of the Dungeon)
  3214 | D:4      | Reached *** piety under Trog
  3831 | D:5      | Entered Level 5 of the Dungeon
  3835 | D:5      | Noticed Blork the orc
  3841 | D:5      | Killed Blork the orc
  3841 | D:5      | Reached XP level 7. HP: 57/57 MP: 6/6
  4076 | D:5      | Noticed Duvessa
  4077 | D:5      | Noticed Dowan
  4088 | D:5      | Killed Duvessa
  4088 | D:5      | Reached skill level 10 in Axes
  4091 | D:5      | Killed Dowan
  5190 | D:6      | Reached skill level 5 in Fighting
  5221 | D:6      | Reached XP level 8. HP: 64/70 MP: 7/7
  5299 | D:6      | Found a staircase to the Ecumenical Temple.
  5302 | D:6      | You fall into a shaft and drop 1 floor!
  5467 | D:7      | Noticed Joseph
  6630 | D:7      | Reached skill level 10 in Fighting
  6649 | D:7      | Killed Joseph
  6649 | D:7      | Reached XP level 9. HP: 77/86 MP: 8/8
  7901 | D:8      | Noticed a troll
  7906 | D:8      | Killed a troll
  7987 | D:8      | Reached **** piety under Trog
  8949 | D:8      | Reached XP level 10. HP: 100/101 MP: 9/9
  8960 | D:8      | Reached skill level 5 in Armour
 10202 | D:9      | Reached ***** piety under Trog
 10219 | D:9      | Found a staircase to the Orcish Mines.
 10250 | D:9      | Found a basalt altar of Yredelemnul.
 10459 | D:9      | Reached skill level 10 in Armour
 11149 | D:9      | Found an ancient bone altar of Kikubaaqudgha.
 11346 | D:9      | Noticed a two-headed ogre
 11387 | D:9      | Killed a two-headed ogre
 11387 | D:9      | Reached XP level 11. HP: 107/107 MP: 10/10
 11454 | D:10     | Entered Level 10 of the Dungeon
 11709 | D:10     | Noticed Maggie
 11728 | D:10     | Killed Maggie
 11784 | D:10     | Noticed a white ugly thing
 11951 | D:10     | Killed a white ugly thing
 12904 | D:10     | Noticed Nergalle
 12918 | D:10     | Killed Nergalle
 12918 | D:10     | Reached skill level 5 in Dodging
 13708 | D:11     | Noticed a phantasmal warrior
 13715 | D:11     | Killed a phantasmal warrior
 13731 | D:11     | Noticed a death knight
 13905 | D:11     | Killed a death knight
 13908 | D:11     | Slain by a freezing wraith

Illustrated notes

Levels and vault maps discovered:
D:1:      dpeg_arrival_pits, layout_rooms, okawaru_ov_weapons_minmay
D:2:      kennysheep_the_goblin_king, layout_loops_cross, elyvilon_altar_5,
          uniq_terence, uniq_crazy_yiuf_cottage
D:3:      layout_basic, lemuel_coloured_pillars_altar, uniq_ijyb, uniq_jessica
D:4:      layout_basic, serial_shops, shop_statue, dk_noncrumbling_4,
          chequers_hall_statues_y
D:5:      layout_layer_cave, uniq_duvessa, uniq_blork_the_orc
D:6:      layout_basic, minmay_temple_entry_sparse_star,
          minmay_gold_behind_fungi, minmay_fire_ice_demons
D:7:      layout_rooms, uniq_joseph
D:8:      layout_loops_ring
D:9:      layout_roguey, lemuel_mausoleum_altar_kikubaaqudgha,
          kennysheep_mini_moat, erik_orc_4, grunt_tough_drop
D:10:     kennysheep_six_static_rooms, layout_layer_cave, uniq_maggie,
          uniq_nergalle
D:11:     layout_layer_cave, lair_entry_dummy, lemuel_nasty_fountain

Skill      XL: |  1  2  3  4  5  6  7  8  9 10 11 |
---------------+----------------------------------+-----
Axes           | 4 5 6 7 8 9 10 11 | 11.1
Fighting       | 5 10 13 | 13.1
Armour         | 4 11 13 | 13.2
Dodging        | 6 |  6.7

Action                   |  1- 3 |  4- 6 |  7- 9 | 10-12 || total
-------------------------+-------+-------+-------+-------++-------
Melee: Hand axe          |    57 |   140 |   248 |       ||   445
       Headbutt          |     4 |    26 |    75 |    78 ||   183
       Broad axe         |       |       |    37 |   380 ||   417
Throw: Boomerang         |       |       |    22 |    21 ||    43
Invok: Berserk           |     2 |     4 |     6 |     8 ||    20
       Trog's Hand       |       |       |     5 |     3 ||     8
       Brothers in Arms  |       |       |       |     3 ||     3
  Use: Scroll            |       |     9 |     5 |     2 ||    16
       Potion            |       |     1 |     1 |     5 ||     7
 Stab: Sleeping          |       |     4 |       |       ||     4
       Distracted        |       |       |     1 |     1 ||     2
Armor: Animal skin       |     9 |    15 |       |       ||    24
       Robe              |       |     2 |    66 |    24 ||    92
       Troll leather arm |       |       |       |   102 ||   102
Dodge: Dodged            |    36 |    70 |   154 |   232 ||   492

Table legend: (Time is in decaauts)
 A = Elapsed time spent in this place.
 B = Non-inter-level travel time spent in this place.
 C = Inter-level travel time spent in this place.
 D = Time resting spent in this place.
 E = Time spent auto-exploring this place.
 F = Levels seen in this place.
 G = Mean time per level.
                   A        B        C        D        E       F      G
               +--------+--------+--------+--------+--------+-----+--------+
         Total |  14045 |  13769 |    276 |   4401 |   7265 |  11 | 1276.8 |
       Dungeon |  14045 |  13769 |    276 |   4401 |   7265 |  11 | 1276.8 |
               +--------+--------+--------+--------+--------+-----+--------+

Top non-repeatable levels by time:
    D:10: 2188 daAuts
     D:9: 1846 daAuts
     D:8: 1823 daAuts
     D:7: 1619 daAuts
     D:5: 1278 daAuts
     D:3: 1174 daAuts
     D:2: 1140 daAuts
     D:6: 1112 daAuts
     D:4: 910 daAuts
     D:1: 635 daAuts
    D:11: 317 daAuts
